 Dungeon Crawl Stone Soup version 0.31-a0-654-gbe3e110b4e (webtiles) character file.

Game seed: 16188315993236034685

50 kae the Firebug (level 3, -4/19 HPs)
             Began as a Tengu Fire Elementalist on Aug 29, 2023.
             Slain by Terence
             ... wielding a +3 mace of protection
              (12 damage)
             ... on level 2 of the Dungeon.
             The game lasted 00:01:36 (1404 turns).

kae the Firebug (Tengu Fire Elementalist)           Turns: 1404, Time: 00:01:36

Health: -4/19      AC:  2    Str:  8    XL:     3   Next: 79%
Magic:  1/7        EV: 12    Int: 17    God:
Gold:   36         SH:  0    Dex: 14    Spells: 3/6 levels left

rFire   . . .        (no weapon)
rCold   . . .        (no shield)
rNeg    . . .        a - +0 robe
rPois   .            (helmet restricted)
rElec   .            (no cloak)
rCorr   .            (no gloves)
SInv    .            (boots unavailable)
Will    .....        (no amulet)
Stlth   ++           (no ring)
HPRegen 0.23/turn    (no ring)
MPRegen 0.10/turn

%: no passive effects
@: about to teleport
A: beak, talons 3
a: no special abilities


You were on level 2 of the Dungeon.
You visited 1 branch of the dungeon, and saw 2 of its levels.

You collected 36 gold pieces.


Innate Abilities, Weirdness & Mutations

You have a beak for a mouth.
You have claws for feet.


   Skills:
 - Level 2.1 Dodging
 - Level 2.0 Stealth
 + Level 2.4 Spellcasting
 + Level 2.6 Conjurations
 * Level 4.3 Fire Magic


You had 3 spell levels left.
You knew the following spells:

 Your Spells              Type           Power      Damage    Failure   Level
a - Foxfire               Conj/Fire      52%        2x1d6     4%          1
b - Scorch                Fire           32%        2d6       4%          2

Your spell library contained the following spells:

 Spells                   Type           Power      Damage    Failure   Level
 Inner Flame              Hex/Fire       9%         N/A       22%         3
 Volatile Blastmotes      Fire/Tloc      18%        2d11      22%         3
 Flame Wave               Conj/Fire      13%        2d6       41%         4

Inventory:

Hand Weapons
 d - a +1 demon trident of electrocution
   (You acquired it on level 2 of the Dungeon)
Missiles
 c - 19 stones
Armour
 a - a +0 robe (worn)
Potions
 b - a potion of magic

Dungeon Overview and Level Annotations

Branches:
Dungeon (2/15) Zot: 10595

Altars:

Shops:
D:1 ?

Annotations:
D:2 Terence

.#######.### ..............
...........##
#.#######.####
###.........#
#..#.......... #.†.......##
##.#)###...### +..........#
. #..<# #..........# #@#
#..#### ##########.## ##.#
#...... #..#'##.# ##.####
##@.....# #..####
########@.....# #......
#.............#+###..####
#....................#
#.........##.........#
#.........###.......##
#.#####..)......###.#+##..#
#.....'...^^^...'.....##..#
#######...._....###..##...#


You could see Terence.


Message History

The endoplasm quivers.
The endoplasm's fire resistance burns away. 😎 MP[-2]
You lost 2 mp, and now have 5/7 mp.
An endoplasm is nearby!
An endoplasm is nearby!
Casting: Scorch (safe; 4% risk of failure)
Confirm with . or Enter, or press ? or * to list all spells.
You miscast Foxfire.
You are very lightly contaminated with residual magic.
Nothing appears to happen.
The endoplasm freezes you.
You are frozen. 😕 HP[-3] MP[-1]
You take 3 damage, and now have 16/19 hp.
You lost 1 mp, and now have 4/7 mp.
Casting: Foxfire (safe; 4% risk of failure)
Confirm with . or Enter, or press ? or * to list all spells.
Flames lash the endoplasm.
The endoplasm is burned terribly!
You kill the endoplasm! 😕 HP[+1] MP[-2]
You lost 2 mp, and now have 2/7 mp.
Unknown command.
Your magical contamination has completely faded away. 😕 HP[+1]
An endoplasm comes into view. 😎 HP[+1] MP[+5]
Your hp is fully restored (19).
Your mp is fully restored (7).
An endoplasm is nearby!
An endoplasm is nearby!
An endoplasm is nearby!
Casting: Scorch (safe; 4% risk of failure)
Confirm with . or Enter, or press ? or * to list all spells.
You conjure some foxfire!
The foxfire hits the endoplasm but does no damage.
The foxfire hits the endoplasm. 😎 MP[-1]
You lost 1 mp, and now have 6/7 mp.
An endoplasm is nearby!
Casting: Foxfire (safe; 4% risk of failure)
Confirm with . or Enter, or press ? or * to list all spells.
You conjure some foxfire!
The foxfire hits the endoplasm.
You kill the endoplasm! 😎 MP[-1]
You lost 1 mp, and now have 5/7 mp.
A quokka comes into view.
A quokka is nearby!
A quokka is nearby!
A quokka is nearby!
Casting: Foxfire (safe; 4% risk of failure)
Confirm with . or Enter, or press ? or * to list all spells.
You conjure some foxfire!
The foxfire hits the quokka. x2
You kill the quokka!
Terence shouts!
Casting: Foxfire (safe; 4% risk of failure)
Confirm with . or Enter, or press ? or * to list all spells.
You conjure some foxfire!
The foxfire hits Terence but does no damage. x2 😎 MP[-1]
You lost 1 mp, and now have 4/7 mp.
Terence is nearby!
Terence is nearby!
Casting: Foxfire (safe; 4% risk of failure)
Confirm with . or Enter, or press ? or * to list all spells.
You can't see any susceptible monsters within range! (Use Z to cast anyway.)
Casting: Foxfire (safe; 4% risk of failure)
Confirm with . or Enter, or press ? or * to list all spells.
You conjure some foxfire!
The foxfire hits Terence but does no damage. x2
Casting: Foxfire (safe; 4% risk of failure)
Confirm with . or Enter, or press ? or * to list all spells.
Flames lash Terence but do no damage. 😎 MP[-2]
You lost 2 mp, and now have 2/7 mp.
Casting: Scorch (safe; 4% risk of failure)
Confirm with . or Enter, or press ? or * to list all spells.
You conjure some foxfire!
Terence hits you with a +3 mace of protection.
The foxfire hits Terence but does no damage. x2
Terence hits you with a +3 mace of protection. 😮 HP[-8] MP[-1]
You take 8 damage, and now have 11/19 hp.
MASSIVE DAMAGE!! (PAUSE)
You lost 1 mp, and now have 1/7 mp.
This is a scroll of acquirement!
Something appears before you! Terence barely misses you. 😮 HP[+1]
d - a +1 demon trident of electrocution Terence hits you with a +3 mace of protection.
* * * LOW HITPOINT WARNING * * *
😨 HP[-4]
You take 4 damage, and now have 8/19 hp.
MASSIVE DAMAGE!! (PAUSE)
As you read the scroll of teleportation {@r4}, it crumbles to dust.
You feel strangely unstable.
Terence hits you with a +3 mace of protection!
Ouch! That really hurt!
You die...

Skill      XL: |  1  2  3 |
---------------+----------+-----
Conjurations   | 2 |  2.6
Fire Magic     | 4 |  4.3
Dodging        | |  2.1
Stealth        | |  2.0
Spellcasting   | |  2.4

Action                     || total
---------------------------++-------
  Melee: Unarmed           ||    28
         Peck              ||     6
         Kick              ||     7
   Cast: Foxfire           ||    64
         Scorch            ||     5
    Use: Scroll            ||     4
 Armour: Robe              ||    15
  Dodge: Dodged            ||    38

Levels and vault maps discovered:
D:1:      dpeg_arrival_windows_large_door, layout_basic, serial_shops, shop,
          nicolae_shop_advertising_works [nicolae_subvault_shop_adworks]
D:2:      minmay_angry_zag, layout_basic, ebering_ecumenical_altar_webs,
          uniq_sigmund, uniq_terence

Notes
Turn   | Place    | Note
-------+----------+-------------------------------------------
     0 | D:1      | kae the Tengu Fire Elementalist began the quest for the
                  | Orb.
     0 | D:1      | Reached XP level 1. HP: 10/10 MP: 4/4
     0 | D:1      | magus.rc [v1.11.3]
    60 | D:1      | HP: 2/10 [jackal (1)]
    67 | D:1      | Reached XP level 2. HP: 3/15 MP: 4/6
   290 | D:1      | Reached skill level 2 in Conjurations
   290 | D:1      | Found Piteuri's General Store.
   295 | D:1      | Found Xiaqeupre's Magic Scroll Shoppe.
   410 | D:1      | Reached XP level 3. HP: 19/19 MP: 2/7
   440 | D:1      | Reached skill level 4 in Fire Magic
   536 | D:1      | Learned a level 2 spell: Scorch
  1043 | D:2      | Found a faded altar of an unknown god.
  1152 | D:2      | Noticed Terence
  1402 | D:2      | Identified a scroll of acquirement
  1402 | D:2      | Acquired a +1 demon trident of electrocution
  1404 | D:2      | Slain by Terence

Vanquished Creatures
  3 bats (D:1)
  4 endoplasms
  4 giant cockroaches
  2 goblins
  3 hobgoblins
  8 jackals (D:1)
  5 kobolds
  3 quokkas
  3 ball pythons
  5 frilled lizards
  2 rats (D:1)
42 creatures vanquished.

Vanquished Creatures (others)
  107 foxfires
107 creatures vanquished.

Grand Total: 149 creatures vanquished

Table legend:
 A = Non-vault XP
 B = Vault XP
 C = Vault XP percentage of total XP
 D = Non-vault monster count
 E = Vault monster count
 F = Vault count percentage of total count
                 A         B        C        D         E       F
            +---------+---------+-------+---------+---------+-------
      Total |      72 |       0 |   0.0 |      42 |       0 |   0.0
            +---------+---------+-------+---------+---------+-------
        D:1 |      51 |       0 |   0.0 |      30 |       0 |   0.0
        D:2 |      21 |       0 |   0.0 |      12 |       0 |   0.0
            +---------+---------+-------+---------+---------+-------

Skill      XL: |  1  2  3 |
---------------+----------+-----
Conjurations   | 2 |  2.6
Fire Magic     | 4 |  4.3
Dodging        | |  2.1
Stealth        | |  2.0
Spellcasting   | |  2.4

Action                     || total
---------------------------++-------
  Melee: Unarmed           ||    28
         Peck              ||     6
         Kick              ||     7
   Cast: Foxfire           ||    64
         Scorch            ||     5
    Use: Scroll            ||     4
 Armour: Robe              ||    15
  Dodge: Dodged            ||    38

Illustrated notes

Table legend:
 A = Kills in this place as a percentage of kills in the entire game.
 B = Kills by you in this place as a percentage of kills by you in the entire game.
 C = Kills by friends in this place as a percentage of kills by friends in the entire game.
 D = Other kills in this place as a percentage of other kills in the entire game.
 E = Experience gained in this place as a percentage of experience gained in the entire game.
 F = Experience gained in this place divided by the number of levels of this place that you have seen.
                   A       B       C       D       E      F
               +-------+-------+-------+-------+-------+----------------------
         Total | 100.0 | 100.0 |   N/A |   N/A | 100.0 |  36.0
       Dungeon | 100.0 | 100.0 |   N/A |   N/A | 100.0 |  36.0
               +-------+-------+-------+-------+-------+----------------------

Table legend: (Time is in decaauts)
 A = Elapsed time spent in this place.
 B = Non-inter-level travel time spent in this place.
 C = Inter-level travel time spent in this place.
 D = Time resting spent in this place.
 E = Time spent auto-exploring this place.
 F = Levels seen in this place.
 G = Mean time per level.
                   A        B        C        D        E       F      G
               +--------+--------+--------+--------+--------+-----+--------+
         Total |   1403 |   1348 |     55 |      0 |   1081 |   2 |  701.5 |
       Dungeon |   1403 |   1348 |     55 |      0 |   1081 |   2 |  701.5 |
               +--------+--------+--------+--------+--------+-----+--------+

Top non-repeatable levels by time:
     D:1: 1037 daAuts
     D:2: 366 daAuts
